 Dungeon Crawl Stone Soup version 0.28-a0-1555-g9ae15a6949 (webtiles) character file.

Game seed: 14352707544989390203

108 buddhastalin the Cutter (level 5, 0/49 HPs)
             Began as a Kobold Berserker on Jan 18, 2022.
             Was a Believer of Trog.
             Slain by a water moccasin (8 damage)
             ... on level 3 of the Dungeon.
             The game lasted 00:02:41 (2116 turns).

buddhastalin the Cutter (Kobold Berserker)          Turns: 2116, Time: 00:02:42

Health: 0/49       AC:  3    Str: 17    XL:     5   Next: 12%
Magic:  5/5        EV: 15    Int:  8    God:    Trog [**....]
Gold:   90         SH:  0    Dex: 14    Spells: 4/4 levels left

rFire   + . .      SeeInvis .   k - +5 spear of the Sage {venom, rF+ rCorr}
rCold   . . .      Faith    .   (no shield)
rNeg    . . .      Spirit   .   b - +0 animal skin
rPois   .          Reflect  .   (no helmet)
rElec   .          Harm     .   (no cloak)
rCorr   +          Rampage  .   f - +0 pair of gloves
Will    .....                   (no boots)
Stlth   ..........              (no amulet)
HPRegen 0.16/turn               (no ring)
MPRegen 0.09/turn               (no ring)

@: berserking, lethally poisoned (0 -> -14), very quick
A: small, no large weapons, nightstalker 3
a: Renounce Religion, Berserk, Trog's Hand


You were on level 3 of the Dungeon.
You worshipped Trog.
Trog was pleased with you.
You visited 1 branch of the dungeon, and saw 3 of its levels.

You collected 90 gold pieces.

Inventory:

Hand Weapons
 a - a +1 short sword of freezing
 k - the +5 spear of the Sage (weapon) {venom, rF+ rCorr}
   (You found it on level 2 of the Dungeon)

   It poisons the flesh of those it strikes.
   rF:        It protects you from fire.
   rCorr:     It protects you from acid and corrosion.
Armour
 b - a +0 animal skin (worn)
 f - a +0 pair of gloves (worn)
Jewellery
 h - a ring of protection from cold
Scrolls
 d - a scroll of vulnerability {unknown}
 e - a scroll of noise {unknown}
 i - 2 scrolls of identify {unknown}
 j - a scroll of teleportation {unknown}
Potions
 c - 3 potions of curing {unknown}
 g - a potion of cancellation {unknown}
 l - a potion of brilliance {unknown}


   Skills:
 + Level 4.1 Fighting
 - Level 5.0 Short Blades
 * Level 1.5 Polearms
 - Level 1.5 Armour
 + Level 3.5 Dodging


You had 4 spell levels left.
You didn't know any spells.
Your spell library was empty.

Dungeon Overview and Level Annotations

Branches:
Dungeon (3/15)

Altars:


Innate Abilities, Weirdness & Mutations

You are small and have problems with some larger weapons.
You are completely attuned to the shadows.


Message History

Done exploring.
You open the door.
There is an open door here.
There is an open door here.
There is a stone staircase leading down here.
You climb downwards.
There is a stone staircase leading up here.
A water moccasin comes into view.
The water moccasin hisses angrily.
You reach to attack!
You hit the water moccasin.
The water moccasin is poisoned.
The water moccasin is lightly wounded.
The water moccasin bites you.
A goblin comes into view. It is wielding a +0 dagger.
You closely miss the water moccasin.
The water moccasin is lightly wounded.
The water moccasin bites you.
You are poisoned.
The water moccasin poisons you!
You barely miss the water moccasin.
The water moccasin is lightly wounded.
You feel very sick. The water moccasin bites you. x2
You are lethally poisoned!
The water moccasin poisons you!
A red film seems to cover your vision as you go berserk!
You feel yourself moving faster!
You feel mighty!
You feel very sick. The water moccasin bites you.
You miss the water moccasin.
The water moccasin is lightly wounded.
You feel very sick. The water moccasin bites you.
* * * LOW HITPOINT WARNING * * *
You puncture the water moccasin!
The water moccasin is severely wounded.
* * * LOW HITPOINT WARNING * * *
You feel very sick. The water moccasin bites you!
You die...

###############
..............#
.
.....########.#
.. ####.#
#.####...
.....#
#...@Sg..
######
######... .. .


You could see a water moccasin (very poisoned) and a goblin.

Vanquished Creatures
  2 adders (D:2)
  4 gnolls (D:2)
  A worm (D:2)
  A dart slug (D:1)
  3 endoplasms
  4 giant cockroaches
  2 goblins
  A hobgoblin (D:1)
  3 jackals (D:1)
  6 kobolds
  4 quokkas
  3 ball pythons
  3 bats (D:1)
  5 frilled lizards (D:1)
  7 rats
49 creatures vanquished.

Vanquished Creatures (others)
  5 demonic plants (D:1)
  A fungus (D:1)
  A plant (D:1)
  4 withered plants (D:1)
11 creatures vanquished.

Grand Total: 60 creatures vanquished

Notes
Turn   | Place    | Note
-------+----------+-------------------------------------------
     0 | D:1      | buddhastalin the Kobold Berserker began the quest for the
                  | Orb.
     0 | D:1      | Reached XP level 1. HP: 14/14 MP: 1/1
    93 | D:1      | Reached XP level 2. HP: 17/19 MP: 2/2
   435 | D:1      | Found a faded altar of an unknown god.
   663 | D:1      | Reached XP level 3. HP: 23/23 MP: 3/3
   792 | D:1      | Reached ** piety under Trog
  1194 | D:2      | Reached skill level 5 in Short Blades
  1440 | D:2      | Identified the +5 spear of the Sage {venom, rF+ rCorr}
  1667 | D:2      | Reached XP level 4. HP: 29/29 MP: 4/4
  1685 | D:2      | Reached skill level 1 in Polearms
  1896 | D:2      | Reached XP level 5. HP: 33/33 MP: 5/5
  2110 | D:3      | Noticed a water moccasin
  2116 | D:3      | Slain by a water moccasin

Illustrated notes

Levels and vault maps discovered:
D:1:      dpeg_arrival_erosion, layout_basic, shapermc_ecumenical_altar_gd
D:2:      minmay_chambers_of_twos, layout_basic, nicolae_figureground_pulse
D:3:      layout_basic

Skill      XL: |  1  2  3  4 |
---------------+-------------+-----
Dodging        | 3 |  3.5
Short Blades   | 5 |  5.0
Polearms       | 1 |  1.5
Fighting       | 4 |  4.1
Armour         | |  1.5

Action                   |  1- 3 |  4- 6 || total
-------------------------+-------+-------++-------
Melee: Short sword       |    29 |       ||    29
       Punch             |     1 |     1 ||     2
       Dagger            |    77 |       ||    77
       Spear             |     7 |    41 ||    48
Invok: Berserk           |     1 |     1 ||     2
 Stab: Sleeping          |     7 |     4 ||    11
Armor: Animal skin       |     9 |     1 ||    10
Dodge: Dodged            |    73 |    14 ||    87

Table legend: (Time is in decaauts)
 A = Elapsed time spent in this place.
 B = Non-inter-level travel time spent in this place.
 C = Inter-level travel time spent in this place.
 D = Time resting spent in this place.
 E = Time spent auto-exploring this place.
 F = Levels seen in this place.
 G = Mean time per level.
                   A        B        C        D        E       F      G
               +--------+--------+--------+--------+--------+-----+--------+
         Total |   2101 |   2047 |     54 |    522 |   1232 |   3 |  700.3 |
       Dungeon |   2101 |   2047 |     54 |    522 |   1232 |   3 |  700.3 |
               +--------+--------+--------+--------+--------+-----+--------+

Top non-repeatable levels by time:
     D:1: 1065 daAuts
     D:2: 1003 daAuts
     D:3: 32 daAuts
